 Dungeon Crawl Stone Soup version 0.29-a0-559-g359e09b9d1 (webtiles) character file.

Game seed: 1943156674971886610

65 DocClef the Covert (level 4, -1/41 HPs)
             Began as a Gnoll Delver on June 9, 2022.
             Slain by an orc wizard
             ... wielding a +0 dagger
              (4 damage)
             ... on level 4 of the Dungeon.
             The game lasted 00:00:23 (180 turns).

DocClef the Covert (Gnoll Delver)                    Turns: 180, Time: 00:00:24

Health: -1/41      AC:  3    Str: 11    XL:     4   Next: 13%
Magic:  5/5        EV: 13    Int:  9    God:
Gold:   4          SH:  0    Dex: 16    Spells: 5/5 levels left

rFire   . . .      SeeInvis .   a - +0 short sword
rCold   . . .      Faith    .   (no shield)
rNeg    . . .      Spirit   .   b - +0 leather armour
rPois   .          Reflect  .   (no helmet)
rElec   .          Harm     .   (no cloak)
rCorr   .          Rampage  .   (no gloves)
Will    .....                   (no boots)
Stlth   ++........              (no amulet)
HPRegen 0.13/turn               (no ring)
MPRegen 0.09/turn               (no ring)

@: confused
A: fangs 1, strong nose, distributed training
a: no special abilities


You were on level 4 of the Dungeon.
You visited 1 branch of the dungeon, and saw 2 of its levels.

You collected 4 gold pieces.

Inventory:

Hand Weapons
 a - a +0 short sword (weapon)
Armour
 b - a +0 leather armour (worn)
Wands
 g - a wand of digging (3)
Scrolls
 c - a scroll of fog
 d - a scroll of magic mapping
 e - a scroll of fear
 h - a scroll of identify {unknown}
Potions
 f - 3 potions of haste
 i - a potion of curing {unknown}


   Skills:
 + Level 6.6 Fighting
 + Level 4.6 Short Blades
 + Level 1.0 Long Blades
 + Level 1.0 Axes
 + Level 1.0 Maces & Flails
 + Level 1.0 Polearms
 + Level 1.0 Staves
 + Level 1.0 Slings
 + Level 1.0 Bows
 + Level 1.0 Crossbows
 + Level 1.0 Throwing
 + Level 1.0 Armour
 + Level 4.6 Dodging
 + Level 9.6 Stealth
 + Level 1.0 Shields
 + Level 1.0 Unarmed Combat
 + Level 1.0 Spellcasting
 + Level 0.8 Conjurations
 + Level 0.8 Hexes
 + Level 0.8 Summonings
 + Level 0.8 Necromancy
 + Level 0.8 Translocations
 + Level 0.8 Transmutations
 + Level 0.8 Fire Magic
 + Level 0.8 Ice Magic
 + Level 0.8 Air Magic
 + Level 0.8 Earth Magic
 + Level 0.8 Poison Magic
 + Level 1.1 Invocations
 + Level 1.0 Evocations


You had 5 spell levels left.
You didn't know any spells.
Your spell library contained the following spells:

 Spells                   Type           Power      Damage    Failure   Level
 Scorch                   Fire           2%         2d5       45%         2
 Flame Wave               Conj/Fire      1%         2d4       98%         4
 Summon Cactus Giant      Summ           0%         N/A       100%        6


Dungeon Overview and Level Annotations

Branches:
Dungeon (5/15)
 Temple: D:4-7

Altars:


Innate Abilities, Weirdness & Mutations

You have very sharp teeth.
Your uncanny sense of smell can sniff out nearby items.
Your experience applies equally to all skills.


Message History

You barely miss the orc. You bite the orc, but do no damage. You hit the orc.
You bite the orc.
The orc is heavily wounded.
The orc misses you.
You hit the orc.
You kill the orc!
You closely miss the orc wizard.
You bite the orc wizard, but do no damage.
The orc wizard points at you and mumbles some strange words.
You are confused.
You miss the orc wizard. The orc barely misses you.
The orc wizard closely misses you.
You bump into the rock wall.
The orc wizard hits you with a +0 dagger.
The orc hits you from afar with a +0 trident!
You bump into the rock wall.
The orc closely misses you.
The orc wizard hits you but does no damage.
You hit the orc wizard but do no damage.
The orc misses you.
The orc wizard hits you with a +0 dagger.
You bump into the rock wall.
The orc wizard casts a spell at you.
You are more confused.
The orc barely misses you.
Unknown command.
The orc wizard casts a spell at you. You resist with some effort.
The orc hits you from afar with a +0 trident.
* * * LOW HITPOINT WARNING * * *
The orc wizard closely misses you.
You bump into the rock wall.
The orc hits you from afar with a +0 trident!
* * * LOW HITPOINT WARNING * * *
The orc wizard gestures at you while chanting.
The puff of flame misses you.
You closely miss the orc wizard. The orc wizard misses you.
The orc closely misses you.
You bump into the rock wall.
The orc barely misses you.
The orc wizard hits you with a +0 dagger.
You die...

############
##############....#......
........@oo..?...........
############.#....#......
#..ooo.+..........#
#.####.#†...#####.#
#.#....# # #.#....#
#..)...# #...[..#
#......#


You could see an orc wizard and an orc.

Vanquished Creatures
  A scorpion (D:4)
  3 orcs (D:4)
  A ball python (D:4)
5 creatures vanquished.

Notes
Turn   | Place    | Note
-------+----------+-------------------------------------------
     0 | D:5      | Reached skill level 9 in Stealth
     0 | D:5      | DocClef the Gnoll Delver began the quest for the Orb.
     0 | D:5      | Reached XP level 1. HP: 23/23 MP: 1/1
    44 | D:5      | Noticed a water moccasin
    84 | D:4      | Noticed a scorpion
    92 | D:4      | Killed a scorpion
    93 | D:4      | Reached skill level 1 in Long Blades
    93 | D:4      | Reached skill level 1 in Axes
    93 | D:4      | Reached skill level 1 in Maces & Flails
    93 | D:4      | Reached skill level 1 in Polearms
    93 | D:4      | Reached skill level 1 in Staves
    93 | D:4      | Reached skill level 1 in Slings
    93 | D:4      | Reached skill level 1 in Bows
    93 | D:4      | Reached skill level 1 in Crossbows
    93 | D:4      | Reached skill level 1 in Throwing
    93 | D:4      | Reached skill level 1 in Armour
    93 | D:4      | Reached skill level 1 in Shields
    93 | D:4      | Reached skill level 1 in Unarmed Combat
    93 | D:4      | Reached skill level 1 in Spellcasting
    93 | D:4      | Reached skill level 1 in Invocations
    93 | D:4      | Reached skill level 1 in Evocations
    93 | D:4      | Reached XP level 2. HP: 29/29 MP: 1/3
    93 | D:4      | Reached XP level 3. HP: 35/35 MP: 1/4
    93 | D:4      | Reached XP level 4. HP: 41/41 MP: 1/5
   178 | D:4      | HP: 2/41 [orc/+0 trident (7)]
   180 | D:4      | Slain by an orc wizard

Illustrated notes

Levels and vault maps discovered:
D:4:      layout_basic, serial_shops, nicolae_shop_crystal, serial_park_tiny_1
D:5:      layout_gridville, minivault_14, uniq_grinder

Skill      XL: |  1 |
---------------+----+-----
Stealth        | |  9.6
Long Blades    | 1 |  1.0
Axes           | 1 |  1.0
Maces & Flails | 1 |  1.0
Polearms       | 1 |  1.0
Staves         | 1 |  1.0
Slings         | 1 |  1.0
Bows           | 1 |  1.0
Crossbows      | 1 |  1.0
Throwing       | 1 |  1.0
Armour         | 1 |  1.0
Shields        | 1 |  1.0
Unarmed Combat | 1 |  1.0
Spellcasting   | 1 |  1.0
Invocations    | 1 |  1.1
Evocations     | 1 |  1.0
Fighting       | |  6.6
Short Blades   | |  4.6
Dodging        | |  4.6
Conjurations   | |  0.8
Hexes          | |  0.8
Summonings     | |  0.8
Necromancy     | |  0.8
Translocations | |  0.8
Transmutations | |  0.8
Fire Magic     | |  0.8
Ice Magic      | |  0.8
Air Magic      | |  0.8
Earth Magic    | |  0.8
Poison Magic   | |  0.8

Action                   |  1- 3 |  4- 6 || total
-------------------------+-------+-------++-------
Melee: Short sword       |     2 |    13 ||    15
       Bite              |       |     3 ||     3
 Stab: Sleeping          |     2 |       ||     2
Armor: Leather armour    |       |     2 ||     2
Dodge: Dodged            |       |    16 ||    16

Table legend: (Time is in decaauts)
 A = Elapsed time spent in this place.
 B = Non-inter-level travel time spent in this place.
 C = Inter-level travel time spent in this place.
 D = Time resting spent in this place.
 E = Time spent auto-exploring this place.
 F = Levels seen in this place.
 G = Mean time per level.
                   A        B        C        D        E       F      G
               +--------+--------+--------+--------+--------+-----+--------+
         Total |    177 |    177 |      0 |      0 |     93 |   2 |   88.5 |
       Dungeon |    177 |    177 |      0 |      0 |     93 |   2 |   88.5 |
               +--------+--------+--------+--------+--------+-----+--------+

Top non-repeatable levels by time:
     D:4: 97 daAuts
     D:5: 80 daAuts
